[ AOE2 MATCH · #476842373 ]
UnrankedSicilians vs Burgundians
[ REPLAY ANALYSIS · EXTRACTED FROM THE RECORDED GAME ]
Feudal
6:50
Castle
13:22
Imperial
33:04
| APM avg | 10.1 |
| APM peak | 27 |
| eAPM avg | 7.6 |
| Villagers / military | 54 / 206 |
Focus
⚔️ 22.8% · 🌾 77.2%
Serjeant ×206 · Trade Cart ×19
Feudal
14:37
Castle
19:52
Imperial
30:32
| APM avg | 11.5 |
| APM peak | 44 |
| eAPM avg | 11.0 |
| Villagers / military | 110 / 114 |
Focus
⚔️ 41.3% · 🌾 58.7%
Coustillier ×106 · Trade Cart ×7 · Monk ×4 · Trebuchet (Packed) ×4
Feudal
9:47
Castle
13:22
Imperial
18:23
| APM avg | 13.7 |
| APM peak | 35 |
| eAPM avg | 9.6 |
| Villagers / military | 77 / 0 |
Focus
⚔️ 29.8% · 🌾 70.2%
Unknown (1949) ×49 · Unknown (1944) ×19 · Unknown (1952) ×16 · Trade Cart ×13 · Unknown (1942) ×1
Feudal
10:56
Castle
16:47
Imperial
25:02
| APM avg | 8.2 |
| APM peak | 30 |
| eAPM avg | 6.0 |
| Villagers / military | 71 / 58 |
Focus
⚔️ 18.1% · 🌾 81.9%
Knight ×57 · Trade Cart ×10 · Scout Cavalry ×1
Feudal
—
Castle
—
Imperial
—
| APM avg | 26.9 |
| APM peak | 58 |
| eAPM avg | 14.0 |
| Villagers / military | 70 / 129 |
Focus
⚔️ 36.5% · 🌾 63.5%
Scout Cavalry ×69 · Ballista Elephant ×58 · Trade Cart ×6 · Monk ×2
Feudal
5:51
Castle
16:49
Imperial
30:53
| APM avg | 10.1 |
| APM peak | 24 |
| eAPM avg | 6.9 |
| Villagers / military | 51 / 0 |
Focus
⚔️ 37.5% · 🌾 62.5%
Unknown (1968) ×103 · Trade Cart ×6
Match map
Initial resources + every placement click. Lines = walls · curves = elevation contours. ◆ gold · ⬟ stone · ● berries · ✦ relic · ◌ wall gap
Your base· ✓ Closed at 13:22 · 0t walls · 7 gate(s)
aleximatiass5's base· ✓ Closed at 19:52 · 0t walls · 6 gate(s)
splashii's base· ✓ Closed at 13:22 · 0t walls · 8 gate(s)
maces's base· ✓ Closed at 16:47 · 0t walls · 6 gate(s)
MAIZE8221's base· ✓ Closed at 12:24 · 0t walls · 7 gate(s)
乃口爪乃丹00ⅨⅤ's base· ✓ Closed at 16:49 · 0t walls · 6 gate(s)
Smoothed initial terrain · ◌ = detected wall gap · hover for details
Inputs per minute
— Vedro - - aleximatiass5
Build order — Vedro
First 150 of 188 actions detected
| 0:25 | Build | Lumber Camp |
| 0:30 | Build | Mill |
| 0:42 | Create | Villager (Male) |
| 0:42 | Create | Villager (Male) |
| 0:43 | Create | Villager (Male) |
| 0:43 | Create | Villager (Male) |
| 0:43 | Create | Villager (Male) |
| 1:05 | Create | Villager (Male) |
| 1:05 | Create | Villager (Male) |
| 1:29 | Create | Villager (Male) |
| 1:51 | Create | Villager (Male) |
| 2:58 | Build | Mining Camp |
| 4:40 | Research | Feudal Age |
| 6:50 | Age | Feudal Age |
| 6:57 | Create | Villager (Male) |
| 7:02 | Research | Horse Collar |
| 7:08 | Research | Double-Bit Axe |
| 7:09 | Create | Villager (Male) |
| 7:10 | Create | Villager (Male) |
| 7:38 | Build | Archery Range |
| 7:57 | Build | Market |
| 9:04 | Build | Farm |
| 9:53 | Build | Farm |
| 10:42 | Research | Castle Age |
| 11:39 | Build | Farm |
| 11:42 | Build | Farm |
| 13:15 | Create | Villager (Male) |
| 13:16 | Create | Villager (Male) |
| 13:22 | Age | Castle Age |
| 13:28 | Build | Town Center |
| 13:33 | Build | Town Center |
| 13:38 | Build | Town Center |
| 14:14 | Create | Villager (Male) |
| 14:14 | Create | Villager (Male) |
| 14:15 | Create | Villager (Male) |
| 14:22 | Build | Farm |
| 14:26 | Create | Villager (Male) |
| 14:55 | Build | Farm |
| 15:27 | Build | Lumber Camp |
| 15:42 | Build | Mining Camp |
| 15:48 | Create | Villager (Male) ×5 |
| 16:37 | Build | Farm |
| 16:40 | Build | Farm |
| 16:44 | Build | Farm |
| 16:46 | Build | Farm |
| 16:50 | Create | Villager (Male) ×4 |
| 17:49 | Create | Villager (Male) ×4 |
| 18:39 | Build | Stone Wall |
| 18:53 | Create | Villager (Male) ×5 |
| 20:19 | Build | Stone Wall |
| 20:26 | Research | First Crusade |
| 20:35 | Build | Farm |
| 20:42 | Build | Farm |
| 20:46 | Build | Farm |
| 20:51 | Build | Farm |
| 20:55 | Create | Villager (Male) ×3 |
| 21:55 | Build | Stone Wall |
| 22:11 | Create | Trade Cart |
| 22:11 | Create | Trade Cart |
| 22:11 | Create | Trade Cart |
| 22:22 | Build | House |
| 22:23 | Build | House |
| 22:23 | Build | House |
| 22:24 | Build | House |
| 22:25 | Build | House |
| 22:27 | Build | House |
| 22:42 | Create | Villager (Male) ×5 |
| 24:07 | Build | Stone Wall |
| 24:15 | Build | Farm |
| 24:26 | Create | Villager (Male) ×5 |
| 24:43 | Build | Farm |
| 24:50 | Build | House |
| 24:51 | Build | House |
| 24:52 | Build | House |
| 24:53 | Build | House |
| 24:54 | Build | House |
| 25:20 | Build | Farm |
| 25:22 | Build | Farm |
| 25:26 | Build | Farm |
| 25:31 | Build | Farm |
| 25:39 | Research | Wheelbarrow |
| 25:40 | Create | Villager (Male) ×5 |
| 25:42 | Research | Bow Saw |
| 25:46 | Research | Heavy Plow |
| 25:56 | Build | Farm |
| 26:06 | Create | Trade Cart |
| 26:06 | Create | Trade Cart |
| 26:08 | Create | Trade Cart |
| 26:51 | Research | Caravan |
| 27:05 | Build | House |
| 27:06 | Build | House |
| 27:07 | Build | House |
| 27:08 | Build | House |
| 27:09 | Build | House |
| 27:10 | Build | House |
| 27:12 | Build | House |
| 27:18 | Build | Farm |
| 27:20 | Build | Farm |
| 27:24 | Build | Farm |
| 27:52 | Build | Donjon |
| 28:17 | Build | Donjon |
| 28:36 | Build | Donjon |
| 29:05 | Create | Trade Cart |
| 29:05 | Create | Trade Cart |
| 29:05 | Create | Trade Cart |
| 29:13 | Build | House |
| 29:14 | Build | House |
| 29:16 | Build | House |
| 29:17 | Build | House |
| 29:19 | Build | House |
| 29:21 | Build | House |
| 29:22 | Build | House |
| 29:23 | Build | House |
| 29:24 | Build | House |
| 29:25 | Build | House |
| 29:54 | Research | Imperial Age |
| 29:56 | Research | Hand Cart |
| 30:15 | Research | Stone Mining |
| 30:19 | Research | Gold Mining |
| 30:39 | Create | Serjeant ×5 |
| 30:40 | Create | Serjeant ×5 |
| 31:08 | Build | Market |
| 31:45 | Build | Donjon |
| 32:01 | Build | Lumber Camp |
| 33:04 | Age | Imperial Age |
| 33:16 | Create | Trade Cart ×3 |
| 33:35 | Create | Trade Cart ×5 |
| 33:47 | Build | House |
| 33:59 | Build | Lumber Camp |
| 34:45 | Build | Donjon |
| 34:46 | Build | Donjon |
| 34:48 | Build | Donjon |
| 34:49 | Build | Donjon |
| 35:20 | Create | Trade Cart ×2 |
| 35:35 | Research | Elite Serjeant (upgrade) |
| 35:37 | Create | Serjeant ×5 |
| 35:37 | Create | Serjeant ×5 |
| 35:38 | Create | Serjeant ×5 |
| 36:28 | Create | Serjeant ×5 |
| 36:28 | Create | Serjeant ×5 |
| 37:19 | Build | Donjon |
| 37:34 | Create | Serjeant ×5 |
| 37:34 | Create | Serjeant ×5 |
| 37:34 | Create | Serjeant ×5 |
| 37:34 | Create | Serjeant ×5 |
| 38:01 | Create | Serjeant |
| 38:01 | Create | Serjeant |
| 38:02 | Create | Serjeant |
| 39:13 | Build | Donjon |
| 39:14 | Build | Donjon |
Build order — aleximatiass5
First 150 of 382 actions detected
| 0:14 | Build | Mill |
| 0:16 | Create | Villager (Male) |
| 0:17 | Create | Villager (Male) |
| 0:17 | Create | Villager (Male) |
| 0:18 | Create | Villager (Male) |
| 0:18 | Create | Villager (Male) |
| 0:18 | Create | Villager (Male) |
| 0:29 | Build | Lumber Camp |
| 1:16 | Create | Villager (Male) |
| 2:15 | Create | Villager (Male) |
| 2:25 | Create | Villager (Male) |
| 2:26 | Create | Villager (Male) |
| 2:26 | Create | Villager (Male) |
| 2:47 | Research | Horse Collar |
| 3:08 | Create | Villager (Male) |
| 3:19 | Research | Double-Bit Axe |
| 3:50 | Create | Villager (Male) |
| 4:05 | Build | Farm |
| 4:32 | Build | Farm |
| 4:37 | Create | Villager (Male) |
| 4:39 | Create | Villager (Male) |
| 4:58 | Build | Farm |
| 5:22 | Build | Farm |
| 5:28 | Create | Villager (Male) |
| 5:28 | Create | Villager (Male) |
| 5:33 | Create | Villager (Male) |
| 5:33 | Create | Villager (Male) |
| 5:34 | Create | Villager (Male) |
| 5:34 | Create | Villager (Male) |
| 5:54 | Build | Farm |
| 6:16 | Build | Farm |
| 6:32 | Build | Farm |
| 6:39 | Build | Farm |
| 6:46 | Build | Farm |
| 6:51 | Build | Farm |
| 7:22 | Build | Mining Camp |
| 7:52 | Create | Villager (Male) |
| 7:52 | Create | Villager (Male) |
| 7:52 | Create | Villager (Male) |
| 7:52 | Create | Villager (Male) |
| 7:53 | Create | Villager (Male) |
| 7:53 | Create | Villager (Male) |
| 8:08 | Build | Mining Camp |
| 8:39 | Build | Lumber Camp |
| 9:10 | Build | Lumber Camp |
| 9:20 | Create | Villager (Male) |
| 9:21 | Create | Villager (Male) |
| 9:24 | Create | Villager (Male) |
| 9:24 | Create | Villager (Male) |
| 9:25 | Create | Villager (Male) |
| 10:42 | Research | Gold Mining |
| 10:43 | Research | Stone Mining |
| 11:06 | Research | Feudal Age |
| 11:07 | Research | Wheelbarrow |
| 11:08 | Research | Loom |
| 11:55 | Build | Mining Camp |
| 14:02 | Build | Farm |
| 14:05 | Build | Farm |
| 14:37 | Age | Feudal Age |
| 14:42 | Build | Archery Range |
| 14:53 | Build | Blacksmith |
| 14:55 | Research | Bow Saw |
| 14:57 | Research | Stone Shaft Mining |
| 14:57 | Research | Gold Shaft Mining |
| 15:02 | Research | Heavy Plow |
| 15:22 | Build | Market |
| 15:39 | Build | Mining Camp |
| 15:56 | Research | Hand Cart |
| 15:58 | Research | Castle Age |
| 16:28 | Build | Lumber Camp |
| 16:47 | Build | Mining Camp |
| 17:34 | Create | Trade Cart |
| 17:34 | Create | Trade Cart |
| 17:34 | Create | Trade Cart |
| 17:35 | Create | Trade Cart |
| 17:55 | Create | Villager (Male) |
| 17:55 | Create | Villager (Male) |
| 17:55 | Create | Villager (Male) |
| 17:55 | Create | Villager (Male) |
| 17:57 | Create | Villager (Male) |
| 19:18 | Build | House |
| 19:19 | Build | House |
| 19:20 | Build | House |
| 19:25 | Build | House |
| 19:26 | Build | House |
| 19:27 | Build | House |
| 19:29 | Build | House |
| 19:30 | Build | House |
| 19:32 | Build | House |
| 19:52 | Age | Castle Age |
| 19:55 | Build | Town Center |
| 20:01 | Build | Town Center |
| 20:07 | Build | Town Center |
| 20:12 | Build | Town Center |
| 20:18 | Build | Town Center |
| 20:44 | Build | Castle |
| 20:46 | Build | Castle |
| 20:49 | Build | Castle |
| 21:51 | Create | Villager (Male) |
| 21:51 | Create | Villager (Male) |
| 21:51 | Create | Villager (Male) |
| 21:52 | Create | Villager (Male) |
| 21:52 | Create | Villager (Male) |
| 21:52 | Create | Villager (Male) |
| 21:52 | Create | Villager (Male) |
| 22:21 | Build | Farm |
| 22:23 | Build | Farm |
| 22:25 | Build | Farm |
| 22:29 | Build | Farm |
| 22:34 | Build | Farm |
| 22:36 | Build | Farm |
| 22:39 | Build | Farm |
| 22:43 | Build | Farm |
| 22:46 | Build | Farm |
| 22:49 | Build | Farm |
| 22:52 | Build | Farm |
| 23:01 | Build | Farm |
| 23:04 | Build | Farm |
| 23:07 | Build | Farm |
| 23:10 | Build | Farm |
| 23:18 | Create | Villager (Male) |
| 23:19 | Create | Villager (Male) |
| 23:19 | Create | Villager (Male) |
| 23:19 | Create | Villager (Male) |
| 23:20 | Create | Villager (Male) |
| 23:20 | Create | Villager (Male) |
| 23:20 | Create | Villager (Male) |
| 23:51 | Build | Mining Camp |
| 23:55 | Build | Farm |
| 24:00 | Create | Villager (Male) |
| 24:00 | Create | Villager (Male) |
| 24:00 | Create | Villager (Male) |
| 24:00 | Create | Villager (Male) |
| 24:01 | Create | Villager (Male) |
| 24:01 | Create | Villager (Male) |
| 24:01 | Create | Villager (Male) |
| 24:05 | Build | Farm |
| 24:08 | Build | Farm |
| 24:14 | Build | Farm |
| 24:18 | Build | Farm |
| 24:25 | Create | Villager (Male) |
| 24:25 | Create | Villager (Male) |
| 24:25 | Create | Villager (Male) |
| 24:26 | Create | Villager (Male) |
| 24:27 | Create | Villager (Male) |
| 24:28 | Create | Villager (Male) |
| 24:35 | Build | Farm |
| 24:41 | Build | Farm |
| 24:53 | Build | Farm |
| 24:58 | Build | Farm |
Build order — splashii
First 150 of 241 actions detected
| 0:44 | Build | Mining Camp |
| 1:00 | Build | Lumber Camp |
| 1:22 | Create | Villager (Male) |
| 1:22 | Create | Villager (Male) |
| 1:22 | Create | Villager (Male) |
| 1:23 | Create | Villager (Male) |
| 1:23 | Create | Villager (Male) |
| 3:27 | Build | Mill |
| 3:47 | Create | Villager (Male) |
| 3:48 | Create | Villager (Male) |
| 3:50 | Create | Villager (Male) |
| 3:51 | Create | Villager (Male) |
| 4:35 | Create | Villager (Male) |
| 4:35 | Create | Villager (Male) |
| 4:44 | Build | Farm |
| 5:07 | Build | Farm |
| 5:59 | Build | Farm |
| 6:37 | Create | Villager (Male) |
| 6:39 | Create | Villager (Male) |
| 7:37 | Research | Feudal Age |
| 9:47 | Age | Feudal Age |
| 9:52 | Build | Market |
| 10:03 | Build | Blacksmith |
| 10:42 | Research | Castle Age |
| 13:22 | Age | Castle Age |
| 13:57 | Create | Villager (Male) |
| 15:13 | Research | Imperial Age |
| 16:50 | Build | Town Center |
| 17:49 | Research | Wheelbarrow |
| 18:00 | Create | Villager (Male) |
| 18:01 | Create | Villager (Male) |
| 18:05 | Create | Villager (Male) |
| 18:23 | Age | Imperial Age |
| 18:54 | Create | Villager (Male) |
| 18:55 | Create | Villager (Male) |
| 18:55 | Create | Villager (Male) |
| 19:05 | Create | Unit 1949 |
| 19:06 | Create | Unit 1949 |
| 19:07 | Create | Unit 1949 |
| 19:41 | Create | Villager (Male) |
| 19:42 | Create | Villager (Male) |
| 19:47 | Build | Farm |
| 19:58 | Create | Villager (Male) |
| 20:17 | Build | Farm |
| 20:33 | Create | Trade Cart |
| 21:02 | Create | Villager (Male) |
| 21:03 | Create | Villager (Male) |
| 21:03 | Create | Villager (Male) |
| 21:55 | Create | Trade Cart |
| 22:18 | Create | Villager (Male) |
| 22:18 | Create | Villager (Male) |
| 22:18 | Create | Villager (Male) |
| 22:18 | Create | Villager (Male) |
| 22:19 | Create | Villager (Male) |
| 22:19 | Create | Villager (Male) |
| 22:39 | Build | Town Center |
| 23:17 | Build | Mining Camp |
| 23:44 | Create | Villager (Male) |
| 23:44 | Create | Villager (Male) |
| 23:45 | Create | Villager (Male) |
| 23:53 | Create | Villager (Male) |
| 23:53 | Create | Villager (Male) |
| 23:53 | Create | Villager (Male) |
| 24:03 | Build | House |
| 24:06 | Build | House |
| 24:07 | Build | House |
| 24:08 | Build | House |
| 24:43 | Build | Farm |
| 24:46 | Build | Farm |
| 24:50 | Build | Farm |
| 24:50 | Build | Farm |
| 24:50 | Build | Farm |
| 24:57 | Create | Villager (Male) |
| 24:59 | Create | Villager (Male) |
| 25:01 | Create | Villager (Male) |
| 25:06 | Create | Villager (Male) |
| 25:18 | Research | Conscription |
| 26:02 | Build | Stone Wall |
| 26:25 | Build | Stone Wall |
| 27:05 | Create | Villager (Male) |
| 27:06 | Create | Villager (Male) |
| 27:06 | Create | Villager (Male) |
| 27:06 | Create | Villager (Male) |
| 27:07 | Create | Villager (Male) |
| 27:07 | Create | Villager (Male) |
| 27:07 | Create | Villager (Male) |
| 27:07 | Create | Villager (Male) |
| 27:09 | Create | Villager (Male) |
| 27:10 | Create | Villager (Male) |
| 27:10 | Create | Villager (Male) |
| 27:10 | Create | Villager (Male) |
| 27:11 | Create | Villager (Male) |
| 27:42 | Build | Farm |
| 27:45 | Research | Horse Collar |
| 27:58 | Build | Farm |
| 28:03 | Build | Farm |
| 28:06 | Build | Farm |
| 28:09 | Build | Farm |
| 28:12 | Build | Farm |
| 28:21 | Build | Farm |
| 28:21 | Build | Farm |
| 28:33 | Create | Villager (Male) ×5 |
| 29:04 | Build | University |
| 29:07 | Build | Farm |
| 29:08 | Build | Farm |
| 29:20 | Build | House |
| 29:21 | Build | House |
| 29:22 | Build | House |
| 29:23 | Build | House |
| 29:24 | Build | House |
| 29:25 | Build | House |
| 29:42 | Build | Stable |
| 29:43 | Build | Stable |
| 29:46 | Build | Stable |
| 29:48 | Build | Stable |
| 29:51 | Build | Stable |
| 30:15 | Build | Farm |
| 30:18 | Research | Double-Bit Axe |
| 30:33 | Create | Unit 1949 |
| 30:33 | Create | Unit 1949 |
| 30:34 | Create | Unit 1949 |
| 30:34 | Create | Unit 1949 |
| 30:36 | Create | Unit 1949 |
| 30:36 | Create | Unit 1949 |
| 31:22 | Build | Castle |
| 31:38 | Build | Gate |
| 32:01 | Create | Unit 1949 ×5 |
| 32:06 | Research | Tech 1036 |
| 32:30 | Build | Stone Wall |
| 32:47 | Research | Tech 1033 |
| 33:09 | Research | Stone Mining |
| 33:10 | Research | Gold Mining |
| 33:19 | Research | Gold Mining |
| 33:29 | Build | Farm |
| 33:57 | Create | Unit 1949 |
| 33:57 | Create | Unit 1949 |
| 33:58 | Create | Unit 1949 |
| 33:58 | Create | Unit 1949 |
| 33:58 | Create | Unit 1949 |
| 33:59 | Create | Unit 1949 |
| 34:07 | Research | Conscription |
| 34:23 | Build | Farm |
| 34:23 | Build | Farm |
| 34:23 | Build | Farm |
| 34:25 | Build | Farm |
| 34:30 | Build | Farm |
| 34:34 | Build | Farm |
| 34:34 | Build | Farm |
| 34:35 | Build | Farm |
| 34:36 | Build | Farm |
Build order — maces
First 150 of 166 actions detected
| 0:51 | Create | Villager (Male) |
| 0:51 | Create | Villager (Male) |
| 0:51 | Create | Villager (Male) |
| 0:51 | Create | Villager (Male) |
| 0:52 | Create | Villager (Male) |
| 1:04 | Build | Mill |
| 1:49 | Create | Villager (Male) |
| 1:49 | Create | Villager (Male) |
| 1:49 | Create | Villager (Male) |
| 1:57 | Build | Farm |
| 1:58 | Build | Farm |
| 2:16 | Create | Villager (Male) |
| 2:17 | Create | Villager (Male) |
| 3:25 | Create | Villager (Male) |
| 3:26 | Create | Villager (Male) |
| 3:26 | Create | Villager (Male) |
| 3:47 | Build | Lumber Camp |
| 4:09 | Create | Villager (Male) |
| 4:09 | Create | Villager (Male) |
| 4:10 | Create | Villager (Male) |
| 4:20 | Create | Villager (Male) |
| 4:35 | Create | Villager (Male) |
| 4:36 | Create | Villager (Male) |
| 5:19 | Build | Farm |
| 5:22 | Build | Farm |
| 5:24 | Create | Villager (Male) |
| 5:24 | Create | Villager (Male) |
| 5:32 | Build | Farm |
| 5:42 | Build | Farm |
| 5:44 | Create | Villager (Male) |
| 5:45 | Create | Villager (Male) |
| 5:56 | Build | Farm |
| 6:02 | Build | Farm |
| 6:38 | Build | Mill |
| 7:13 | Create | Villager (Male) |
| 7:13 | Create | Villager (Male) |
| 7:40 | Create | Villager (Male) |
| 8:10 | Create | Villager (Male) |
| 8:26 | Research | Feudal Age |
| 8:31 | Create | Villager (Male) |
| 8:31 | Create | Villager (Male) |
| 8:32 | Create | Villager (Male) |
| 8:33 | Create | Villager (Male) |
| 8:43 | Build | Mining Camp |
| 10:56 | Age | Feudal Age |
| 11:52 | Build | Market |
| 12:02 | Build | Blacksmith |
| 12:27 | Create | Villager (Male) |
| 12:27 | Create | Villager (Male) |
| 12:28 | Create | Villager (Male) |
| 12:30 | Create | Villager (Male) |
| 13:22 | Research | Castle Age |
| 15:36 | Build | Mill |
| 16:47 | Age | Castle Age |
| 17:06 | Build | Farm |
| 17:10 | Create | Villager (Male) |
| 17:10 | Create | Villager (Male) |
| 17:10 | Create | Villager (Male) |
| 17:19 | Build | Farm |
| 17:27 | Research | Gold Mining |
| 18:09 | Build | Lumber Camp |
| 18:25 | Research | Szlachta Privileges |
| 19:07 | Research | Horse Collar |
| 21:28 | Build | University |
| 21:52 | Research | Imperial Age |
| 22:06 | Build | Stable |
| 22:11 | Build | Stable |
| 22:13 | Build | Stable |
| 22:46 | Build | Stone Wall |
| 23:21 | Research | Heavy Plow |
| 23:25 | Research | Double-Bit Axe |
| 23:44 | Build | Stone Wall |
| 24:01 | Build | Stone Wall |
| 24:29 | Build | Stable |
| 24:31 | Build | Stable |
| 24:36 | Create | Villager (Male) |
| 24:37 | Create | Villager (Male) |
| 24:37 | Create | Villager (Male) |
| 24:37 | Create | Villager (Male) |
| 24:38 | Create | Villager (Male) |
| 25:02 | Age | Imperial Age |
| 25:37 | Build | Farm |
| 25:39 | Create | Villager (Male) |
| 25:48 | Research | Bloodlines |
| 25:48 | Research | Husbandry |
| 25:54 | Research | Crop Rotation |
| 26:05 | Build | Farm |
| 27:23 | Build | Lumber Camp |
| 28:15 | Create | Villager (Male) |
| 28:16 | Create | Villager (Male) |
| 28:16 | Create | Villager (Male) |
| 28:16 | Create | Villager (Male) |
| 28:17 | Create | Villager (Male) |
| 28:17 | Create | Villager (Male) |
| 28:18 | Create | Villager (Male) |
| 28:18 | Create | Villager (Male) |
| 28:18 | Create | Villager (Male) |
| 29:25 | Research | Bow Saw |
| 29:34 | Create | Scout Cavalry |
| 29:36 | Research | Cavalier (upgrade) |
| 29:44 | Build | House |
| 29:46 | Build | House |
| 29:47 | Build | House |
| 29:49 | Build | House |
| 29:51 | Build | House |
| 29:52 | Build | House |
| 30:33 | Build | Farm |
| 30:34 | Build | Farm |
| 30:35 | Build | Farm |
| 30:36 | Build | Farm |
| 30:41 | Create | Villager (Male) |
| 30:41 | Create | Villager (Male) |
| 30:41 | Create | Villager (Male) |
| 33:46 | Build | Mill |
| 33:52 | Build | House |
| 33:53 | Build | House |
| 33:55 | Build | House |
| 34:00 | Build | House |
| 34:01 | Build | House |
| 34:03 | Build | House |
| 34:05 | Build | House |
| 34:07 | Build | House |
| 34:08 | Build | House |
| 34:09 | Build | House |
| 34:11 | Build | House |
| 34:12 | Build | House |
| 34:13 | Build | House |
| 34:14 | Build | House |
| 34:15 | Build | House |
| 34:25 | Create | Knight ×5 |
| 34:26 | Create | Knight ×5 |
| 34:26 | Create | Knight ×5 |
| 34:26 | Create | Knight ×5 |
| 34:27 | Create | Knight ×5 |
| 34:27 | Create | Knight ×3 |
| 34:37 | Build | Farm |
| 34:37 | Build | Farm |
| 34:37 | Build | Farm |
| 34:38 | Build | Farm |
| 34:38 | Build | Farm |
| 34:38 | Build | Farm |
| 34:40 | Build | Farm |
| 34:41 | Build | Farm |
| 34:45 | Create | Villager (Male) |
| 34:45 | Create | Villager (Male) |
| 34:46 | Create | Villager (Male) |
| 35:13 | Research | Forging |
| 35:14 | Research | Scale Barding Armor |
| 35:34 | Research | Conscription |
| 35:57 | Build | Mill |
Build order — MAIZE8221
First 150 of 315 actions detected
| 0:12 | Create | Villager (Male) |
| 0:12 | Create | Villager (Male) |
| 0:12 | Create | Villager (Male) |
| 0:12 | Create | Villager (Male) |
| 0:13 | Create | Villager (Male) |
| 0:13 | Create | Villager (Male) |
| 0:55 | Build | Mill |
| 1:00 | Research | Loom |
| 1:37 | Build | Mining Camp |
| 1:54 | Create | Villager (Male) |
| 1:55 | Create | Villager (Male) |
| 1:55 | Create | Villager (Male) |
| 1:55 | Create | Villager (Male) |
| 2:13 | Build | Lumber Camp |
| 2:22 | Create | Villager (Male) |
| 2:22 | Create | Villager (Male) |
| 2:22 | Create | Villager (Male) |
| 2:22 | Create | Villager (Male) |
| 4:43 | Build | Farm |
| 4:44 | Build | Farm |
| 4:57 | Build | Mining Camp |
| 5:24 | Research | Feudal Age |
| 5:25 | Create | Villager (Male) |
| 5:26 | Create | Villager (Male) |
| 5:26 | Create | Villager (Male) |
| 5:26 | Create | Villager (Male) |
| 6:39 | Create | Villager (Male) |
| 6:40 | Create | Villager (Male) |
| 6:40 | Create | Villager (Male) |
| 6:47 | Create | Villager (Male) |
| 6:47 | Create | Villager (Male) |
| 6:48 | Create | Villager (Male) |
| 6:48 | Create | Villager (Male) |
| 6:48 | Create | Villager (Male) |
| 7:37 | Research | Wheelbarrow |
| 7:59 | Research | Town Watch |
| 8:29 | Research | Double-Bit Axe |
| 9:07 | Create | Villager (Male) |
| 9:20 | Build | Farm |
| 9:56 | Build | Mining Camp |
| 10:07 | Research | Horse Collar |
| 10:30 | Create | Villager (Male) |
| 10:31 | Create | Villager (Male) |
| 10:31 | Create | Villager (Male) |
| 10:31 | Create | Villager (Male) |
| 10:31 | Create | Villager (Male) |
| 11:04 | Build | Farm |
| 12:24 | Research | Castle Age |
| 12:29 | Create | Villager (Male) |
| 12:29 | Create | Villager (Male) |
| 12:30 | Create | Villager (Male) |
| 12:30 | Create | Villager (Male) |
| 12:31 | Create | Villager (Male) |
| 12:35 | Create | Villager (Male) |
| 12:36 | Create | Villager (Male) |
| 12:38 | Create | Villager (Male) |
| 13:15 | Build | Stone Wall |
| 13:40 | Build | Blacksmith |
| 13:47 | Build | Market |
| 14:39 | Research | Gold Mining |
| 14:42 | Research | Stone Mining |
| 14:53 | Research | Stone Mining |
| 15:10 | Research | Fletching |
| 15:11 | Research | Padded Archer Armor |
| 15:12 | Research | Scale Barding Armor |
| 15:58 | Build | Farm |
| 16:23 | Build | Stone Wall |
| 16:30 | Build | Mining Camp |
| 16:34 | Build | Farm |
| 16:42 | Research | Castle Age |
| 16:49 | Build | Farm |
| 17:14 | Build | Farm |
| 17:52 | Build | House |
| 17:53 | Build | House |
| 17:55 | Build | House |
| 17:56 | Build | House |
| 17:58 | Build | House |
| 17:58 | Build | House |
| 18:58 | Research | Forging |
| 18:58 | Research | Scale Mail Armor |
| 19:35 | Create | Trade Cart |
| 19:35 | Create | Trade Cart |
| 19:35 | Create | Trade Cart |
| 19:36 | Create | Trade Cart |
| 19:36 | Create | Trade Cart |
| 19:39 | Create | Trade Cart |
| 20:03 | Build | Stone Wall |
| 20:14 | Build | Stone Wall |
| 20:42 | Research | Man-at-Arms (upgrade) |
| 20:42 | Research | Arson |
| 21:35 | Build | Castle |
| 21:41 | Create | Ballista Elephant |
| 21:42 | Create | Ballista Elephant |
| 21:42 | Create | Ballista Elephant |
| 21:42 | Create | Ballista Elephant |
| 21:42 | Create | Ballista Elephant |
| 21:43 | Create | Ballista Elephant |
| 21:43 | Create | Ballista Elephant |
| 21:43 | Create | Ballista Elephant |
| 21:43 | Create | Ballista Elephant |
| 21:44 | Create | Ballista Elephant |
| 21:44 | Create | Ballista Elephant |
| 21:44 | Create | Ballista Elephant |
| 21:44 | Create | Ballista Elephant |
| 21:54 | Create | Villager (Male) |
| 21:54 | Create | Villager (Male) |
| 21:54 | Create | Villager (Male) |
| 22:14 | Build | Lumber Camp |
| 22:39 | Build | University |
| 22:43 | Build | Monastery |
| 22:52 | Create | Ballista Elephant |
| 22:52 | Create | Ballista Elephant |
| 22:52 | Create | Ballista Elephant |
| 22:53 | Create | Ballista Elephant |
| 22:58 | Build | Mining Camp |
| 23:14 | Build | Stone Wall |
| 23:31 | Create | Monk |
| 23:47 | Build | Siege Workshop |
| 23:55 | Create | Villager (Male) |
| 23:56 | Create | Villager (Male) |
| 23:56 | Create | Villager (Male) |
| 23:56 | Create | Villager (Male) |
| 23:56 | Create | Villager (Male) |
| 23:57 | Create | Villager (Male) |
| 23:57 | Create | Villager (Male) |
| 24:09 | Build | Town Center |
| 24:25 | Create | Ballista Elephant |
| 24:25 | Create | Ballista Elephant |
| 24:25 | Create | Ballista Elephant |
| 24:26 | Create | Ballista Elephant |
| 24:32 | Create | Ballista Elephant |
| 25:23 | Build | Stable |
| 25:26 | Build | Stable |
| 25:38 | Research | Bodkin Arrow |
| 26:05 | Build | Stable |
| 26:10 | Create | Villager (Male) |
| 26:10 | Create | Villager (Male) |
| 26:11 | Create | Villager (Male) |
| 26:11 | Create | Villager (Male) |
| 26:11 | Create | Villager (Male) |
| 26:11 | Create | Villager (Male) |
| 26:12 | Create | Villager (Male) |
| 26:18 | Build | Farm |
| 26:21 | Build | Farm |
| 26:40 | Build | Castle |
| 26:47 | Build | Farm |
| 26:55 | Research | Bloodlines |
| 26:56 | Research | Husbandry |
| 27:08 | Research | Husbandry |
| 27:10 | Research | Light Cavalry (upgrade) |
Build order — 乃口爪乃丹00ⅨⅤ
First 150 of 200 actions detected
| 0:20 | Create | Villager (Male) |
| 0:20 | Create | Villager (Male) |
| 0:20 | Create | Villager (Male) |
| 0:21 | Create | Villager (Male) |
| 0:21 | Create | Villager (Male) |
| 0:27 | Build | Mill |
| 1:52 | Create | Villager (Male) |
| 2:34 | Create | Villager (Male) |
| 2:35 | Create | Villager (Male) |
| 3:41 | Research | Feudal Age |
| 4:39 | Create | Villager (Male) |
| 4:39 | Create | Villager (Male) |
| 4:41 | Create | Villager (Male) |
| 5:34 | Create | Villager (Male) |
| 5:51 | Age | Feudal Age |
| 6:08 | Build | Mining Camp |
| 6:30 | Create | Villager (Male) |
| 6:30 | Create | Villager (Male) |
| 7:41 | Build | Lumber Camp |
| 7:49 | Create | Villager (Male) |
| 7:49 | Create | Villager (Male) |
| 8:59 | Create | Villager (Male) |
| 8:59 | Create | Villager (Male) |
| 9:06 | Build | Farm |
| 9:24 | Build | Farm |
| 9:34 | Build | Farm |
| 10:01 | Create | Villager (Male) |
| 10:02 | Create | Villager (Male) |
| 10:08 | Research | Double-Bit Axe |
| 10:11 | Build | Farm |
| 10:44 | Build | Blacksmith |
| 11:08 | Build | Farm |
| 11:11 | Create | Villager (Male) |
| 11:11 | Create | Villager (Male) |
| 11:21 | Research | Horse Collar |
| 11:54 | Build | Market |
| 12:03 | Build | Farm |
| 12:19 | Build | Farm |
| 12:24 | Create | Villager (Male) |
| 12:24 | Create | Villager (Male) |
| 12:24 | Create | Villager (Male) |
| 13:06 | Build | Farm |
| 13:20 | Build | Farm |
| 13:51 | Build | Farm |
| 14:09 | Research | Castle Age |
| 14:41 | Research | Gold Mining |
| 16:49 | Age | Castle Age |
| 16:55 | Build | Town Center |
| 16:56 | Build | Town Center |
| 17:05 | Create | Villager (Male) |
| 17:05 | Create | Villager (Male) |
| 17:12 | Research | Tech 1080 |
| 17:42 | Research | Bow Saw |
| 17:52 | Build | Farm |
| 18:02 | Create | Unit 1968 |
| 18:02 | Create | Unit 1968 |
| 18:02 | Create | Unit 1968 |
| 18:03 | Create | Unit 1968 |
| 18:04 | Create | Unit 1968 |
| 18:15 | Build | Farm |
| 19:00 | Create | Villager (Male) |
| 19:05 | Create | Villager (Male) |
| 19:05 | Create | Villager (Male) |
| 19:05 | Create | Villager (Male) |
| 19:05 | Create | Villager (Male) |
| 19:07 | Create | Villager (Male) |
| 19:08 | Create | Villager (Male) |
| 19:11 | Create | Unit 1968 |
| 19:31 | Research | Fletching |
| 20:08 | Build | Palisade Wall |
| 20:18 | Build | University |
| 20:48 | Build | Mining Camp |
| 20:57 | Build | Mining Camp |
| 21:04 | Create | Villager (Male) |
| 21:04 | Create | Villager (Male) |
| 21:04 | Create | Villager (Male) |
| 21:05 | Create | Villager (Male) |
| 21:06 | Create | Villager (Male) |
| 21:06 | Create | Villager (Male) |
| 21:06 | Create | Villager (Male) |
| 22:00 | Build | Mining Camp |
| 22:17 | Build | House |
| 22:19 | Build | House |
| 22:21 | Build | House |
| 22:33 | Create | Unit 1968 |
| 22:34 | Create | Unit 1968 |
| 22:35 | Create | Unit 1968 |
| 22:36 | Create | Unit 1968 |
| 22:37 | Create | Unit 1968 |
| 22:47 | Build | Farm |
| 23:31 | Build | Mining Camp |
| 23:33 | Research | Stone Mining |
| 23:36 | Research | Gold Shaft Mining |
| 23:53 | Research | Bodkin Arrow |
| 23:54 | Research | Padded Archer Armor |
| 24:49 | Create | Unit 1968 |
| 24:49 | Create | Unit 1968 |
| 24:49 | Create | Unit 1968 |
| 24:51 | Create | Unit 1968 |
| 26:00 | Create | Unit 1968 |
| 26:00 | Create | Unit 1968 |
| 26:36 | Research | Stone Shaft Mining |
| 26:45 | Build | Farm |
| 26:50 | Build | House |
| 26:52 | Build | House |
| 26:53 | Build | House |
| 26:53 | Build | House |
| 26:54 | Build | House |
| 26:55 | Build | House |
| 27:13 | Build | University |
| 27:43 | Research | Imperial Age |
| 30:53 | Age | Imperial Age |
| 31:00 | Research | Tech 1074 |
| 31:14 | Build | Castle |
| 31:16 | Build | Castle |
| 32:22 | Build | Lumber Camp |
| 32:42 | Build | Farm |
| 32:45 | Research | Bracer |
| 32:46 | Research | Leather Archer Armor |
| 33:12 | Create | Unit 1968 |
| 33:13 | Create | Unit 1968 |
| 33:22 | Create | Villager (Male) |
| 33:22 | Create | Villager (Male) |
| 33:22 | Create | Villager (Male) |
| 33:23 | Create | Villager (Male) |
| 33:24 | Create | Villager (Male) |
| 33:25 | Create | Villager (Male) |
| 33:41 | Build | Castle |
| 34:17 | Research | Chemistry |
| 35:00 | Build | Mining Camp |
| 35:17 | Research | Wheelbarrow |
| 35:27 | Create | Villager (Male) |
| 35:27 | Create | Villager (Male) |
| 35:28 | Create | Villager (Male) |
| 35:28 | Create | Villager (Male) |
| 35:52 | Research | Caravan |
| 36:00 | Research | Ballistics |
| 36:10 | Create | Unit 1968 |
| 36:10 | Create | Unit 1968 |
| 36:11 | Create | Unit 1968 |
| 36:11 | Create | Unit 1968 |
| 36:12 | Create | Unit 1968 |
| 36:12 | Create | Unit 1968 |
| 36:12 | Create | Unit 1968 |
| 36:13 | Create | Unit 1968 |
| 36:55 | Create | Trade Cart |
| 36:56 | Create | Trade Cart |
| 36:56 | Create | Trade Cart |
| 36:58 | Create | Trade Cart |
| 37:08 | Create | Unit 1968 |
Match timeline
| 5:51 | 乃口爪乃丹00ⅨⅤ · age_up feudal |
| 6:50 | Vedro · age_up feudal |
| 7:38 | Vedro · first_building Archery Range |
| 9:27 | Vedro · first_market_buy 100 food |
| 9:47 | splashii · age_up feudal |
| 10:56 | maces · age_up feudal |
| 11:59 | Vedro · first_market_sell 100 food |
| 13:15 | MAIZE8221 · wall_segment Stone Wall x17 |
| 13:22 | Vedro · age_up castle |
| 13:22 | splashii · age_up castle |
| 13:53 | 乃口爪乃丹00ⅨⅤ · first_market_buy 100 food |
| 14:37 | aleximatiass5 · age_up feudal |
| 14:42 | aleximatiass5 · first_building Archery Range |
| 15:01 | splashii · first_market_sell 100 wood |
| 16:23 | MAIZE8221 · wall_segment Stone Wall x1 |
| 16:47 | maces · age_up castle |
| 16:49 | 乃口爪乃丹00ⅨⅤ · age_up castle |
| 18:23 | splashii · age_up imperial |
| 18:39 | Vedro · wall_segment Stone Wall x10 |
| 19:23 | maces · first_market_sell 100 food |
| 19:52 | aleximatiass5 · age_up castle |
| 20:03 | MAIZE8221 · wall_segment Stone Wall x10 |
| 20:08 | 乃口爪乃丹00ⅨⅤ · wall_segment Palisade Wall x13 |
| 20:14 | MAIZE8221 · wall_segment Stone Wall x18 |
| 20:19 | Vedro · wall_segment Stone Wall x20 |
| 20:44 | aleximatiass5 · first_building Castle |
| 21:35 | MAIZE8221 · first_building Castle |
| 21:55 | Vedro · wall_segment Stone Wall x6 |
| 22:06 | maces · first_building Stable |
| 22:43 | MAIZE8221 · first_building Monastery |
| 22:46 | maces · wall_segment Stone Wall x13 |
| 23:14 | MAIZE8221 · wall_segment Stone Wall x17 |
| 23:44 | maces · wall_segment Stone Wall x22 |
| 23:47 | MAIZE8221 · first_building Siege Workshop |
| 24:01 | maces · wall_segment Stone Wall x4 |
| 24:07 | Vedro · wall_segment Stone Wall x4 |
| 25:02 | maces · age_up imperial |
| 25:23 | MAIZE8221 · first_building Stable |
| 26:02 | splashii · wall_segment Stone Wall x12 |
| 26:25 | splashii · wall_segment Stone Wall x28 |
| 27:03 | MAIZE8221 · first_market_buy 100 food |
| 27:52 | Vedro · first_building Donjon |
| 28:05 | MAIZE8221 · first_market_sell 100 wood |
| 29:07 | aleximatiass5 · first_building Monastery |
| 29:42 | splashii · first_building Stable |
| 30:32 | aleximatiass5 · age_up imperial |
| 30:53 | 乃口爪乃丹00ⅨⅤ · age_up imperial |
| 31:14 | 乃口爪乃丹00ⅨⅤ · first_building Castle |
| 31:22 | splashii · first_building Castle |
| 32:30 | splashii · wall_segment Stone Wall x8 |
| 33:04 | Vedro · age_up imperial |
| 35:14 | splashii · first_building Archery Range |
| 35:40 | splashii · first_market_buy 100 food |
| 36:05 | 乃口爪乃丹00ⅨⅤ · first_market_sell 100 food |
| 42:07 | maces · resign |
| 44:41 | splashii · first_building Siege Workshop |
| 44:46 | Vedro · wall_segment Stone Wall x3 |
[ AI ANALYSIS · 1 CREDIT ]
What really happened in this match?
Wolo.gg analyzes every decision: build order, eco, micro, common mistakes by bracket. Personalized analysis on WhatsApp or Discord in 30 seconds.
Civ guide
Sicilians
Perfil
Jugador #22258713